 Dungeon Crawl Stone Soup version 0.17.2 (webtiles) character file.

313 Nekros the Changer (level 6, -2/43 HPs)
             Began as a Merfolk Transmuter on June 5, 2016.
             Slain by Duvessa
             ... wielding a +0 short sword
              (7 damage)
             ... on level 4 of the Dungeon.
             The game lasted 00:22:59 (4535 turns).

Nekros the Changer (Merfolk Transmuter)             Turns: 4535, Time: 00:22:59

Health: -2/43      AC:  2    Str: 13    XL:     6   Next: 43%
Magic:  6/9        EV: 24    Int: 12    God:
Gold:   129        SH:  0    Dex: 19    Spells: 3 memorised, 3 levels left

rFire  . . .     SeeInvis .       - Unarmed
rCold  . . .     Clarity  .     (armour currently unavailable)
rNeg   . . .     SustAt   .     (shield currently unavailable)
rPois  x         Gourm    .     (helmet currently unavailable)
rElec  .         Spirit   .     (cloak currently unavailable)
rCorr  .         Warding  .     (gloves currently unavailable)
rMut   .         Stasis   .     (boots currently unavailable)
MR     .....                    (no amulet)
Stlth  ++........               (no ring)
                                (no ring)

@: spider-form (expiring), not resistant to hostile enchantments, unstealthy
A: (change form in water), (swift swim)
a: End Transformation


You were on level 4 of the Dungeon.
You were not hungry.
You were a venomous arachnid creature.
You visited 1 branch of the dungeon, and saw 4 of its levels.

You collected 129 gold pieces.

Inventory:

Hand Weapons
 q - a +4 quarterstaff of chaos
 B - a +3 dagger of speed
Missiles
 a - 45 arrows
 d - 124 stones (quivered)
Armour
 b - a +0 robe (melded)
 r - a +1 cloak (melded)
Jewellery
 f - an uncursed ring of ice {unknown}
Wands
 p - a wand of invisibility (3)
 w - a wand of confusion (33)
 y - a wand of fire (4)
 A - a wand of heal wounds (3)
Scrolls
 h - 2 scrolls of teleportation {unknown}
 j - a scroll of magic mapping {unknown}
 k - a scroll of enchant weapon {unknown}
 m - 2 scrolls of remove curse {unknown}
 n - a scroll of amnesia {unknown}
 s - a scroll of enchant armour {unknown}
 t - a scroll of identify {unknown}
 u - a scroll of recharging {unknown}
 v - a scroll of blinking {unknown}
 x - 4 scrolls of fog {unknown}
Potions
 g - 2 potions of invisibility {unknown}
 i - a potion of lignification {unknown}
 o - 2 potions of beneficial mutation {unknown}
Books
 c - a book of Changes

   Spells                             Type                      Level
   a - Beastly Appendage              Transmutation                1
   b - Sticks to Snakes               Transmutation                2
   c - Spider Form                    Transmutation/Poison         3
   d - Ice Form                       Ice/Transmutation            4
   e - Blade Hands                    Transmutation                5
Comestibles
 l - a meat ration
 z - 2 bread rations


   Skills:
 - Level 1.1 Fighting
 - Level 4.8 Dodging
 + Level 4.9 Unarmed Combat
 * Level 2.2 Spellcasting
 - Level 5.0 Transmutations
 * Level 2.4 Poison Magic


You had 3 spell levels left.
You knew the following spells:

 Your Spells              Type           Power        Failure   Level  Hunger
a - Beastly Appendage     Trmt           ##....       12%         1    ##.....
b - Sticks to Snakes      Trmt           ##........   17%         2    ###....
c - Spider Form           Trmt/Pois      ##........   41%         3    ####...


Dungeon Overview and Level Annotations

Branches:
Dungeon (4/15)
 Temple: D:4-7

Altars:
Cheibriados
Dithmenos
Elyvilon
Ru

Annotations:
D:4 Duvessa


Message History

Duvessa hits you with a short sword.
* * * LOW HITPOINT WARNING * * *
Casting: Spider Form
Confirm with . or Enter, or press ? or * to list all spells.
You turn into a venomous arachnid creature.
Your +1 cloak melds into your body.
Your +0 robe melds into your body.
Duvessa completely misses you.
You hit Duvessa.
Duvessa is poisoned.
Duvessa is moderately wounded.
Drink which item? (? for menu, Esc to quit)
Okay, then.
Your transformation is almost over.
Duvessa looks more energetic.
You bite Duvessa!
Duvessa is severely wounded.
Duvessa closely misses you.
You hit Duvessa.
Duvessa is poisoned.
Duvessa is severely wounded.
Duvessa hits you with a short sword!
You die...

### ##########
##########.########## #........#
#............#≈≈..... #.######.#
#.##.#####.###≈_.≈.≈. #[#
#.###.##e### #.# #≈≈..... ##.##
#.......s..# #.# ########
#...#####.###.##.#<# #.#
.................#.###.#########
..............####.#..#........##
.......##.##### #.#.#.####......
..........# #.#.#.# #......
.))....###########...#.# #.#...#
......## #...........# #.##.##
.....## #.#.####.#..####.####


You could see Duvessa.

Vanquished Creatures
  Dowan (D:4)
  Crazy Yiuf (D:2)
  A hound (D:4)
  Jessica (D:2)
  An orc wizard (D:4)
  Natasha (thrice) (D:4)
  Robin (D:2)
  2 adders (D:2)
  4 worms
  2 giant geckos
  2 orcs (D:4)
  4 giant cockroaches
  10 hobgoblins
  7 bats
  3 giant newts
  15 goblins
  5 kobolds
  3 quokkas
  10 rats
76 creatures vanquished.

Vanquished Creatures (collateral kills)
  An adder (D:2)
  A bat (D:2)
  A kobold (D:2)
  6 goblins (D:2)
9 creatures vanquished.

Grand Total: 85 creatures vanquished

Notes
Turn   | Place    | Note
--------------------------------------------------------------
     0 | D:1      | Nekros the Merfolk Transmuter began the quest for the Orb.
     0 | D:1      | Reached XP level 1. HP: 15/15 MP: 3/3
   212 | D:1      | Reached XP level 2. HP: 21/21 MP: 3/5
   216 | D:1      | Learned a level 2 spell: Sticks to Snakes
   999 | D:1      | Reached XP level 3. HP: 24/26 MP: 4/6
  1194 | D:1      | Learned a level 3 spell: Spider Form
  1298 | D:2      | Found a white marble altar of Elyvilon.
  1540 | D:2      | Reached skill level 4 in Unarmed Combat
  1750 | D:2      | Reached XP level 4. HP: 32/32 MP: 1/7
  2162 | D:2      | Noticed Jessica
  2166 | D:2      | Killed Jessica
  2300 | D:2      | Noticed Crazy Yiuf
  2314 | D:2      | Killed Crazy Yiuf
  2314 | D:2      | Reached XP level 5. HP: 26/37 MP: 0/8
  2523 | D:2      | Noticed Robin
  2539 | D:2      | Killed Robin
  3377 | D:3      | Found a shadowy altar of Dithmenos.
  3591 | D:4      | Noticed Natasha
  3599 | D:4      | Killed Natasha
  3599 | D:4      | Reached skill level 1 in Poison Magic
  3837 | D:4      | Noticed Natasha
  3842 | D:4      | Killed Natasha
  3899 | D:4      | Found a sacrificial altar of Ru.
  3935 | D:4      | Noticed Dowan
  3935 | D:4      | Noticed Natasha
  3968 | D:4      | Killed Natasha
  3995 | D:4      | Killed Dowan
  3995 | D:4      | Reached skill level 5 in Transmutations
  3995 | D:4      | Reached XP level 6. HP: 17/43 MP: 0/9
  4230 | D:4      | Found a snail-covered altar of Cheibriados.
  4502 | D:4      | Noticed Duvessa
  4535 | D:4      | Slain by Duvessa

Action                   |  1- 3 |  4- 6 || total
-------------------------+-------+-------++-------
Melee: Unarmed           |   122 |   127 ||   249
Throw: Stone             |       |     7 ||     7
 Cast: Beastly Appendage |    23 |    12 ||    35
       Sticks to Snakes  |     6 |     3 ||     9
       Spider Form       |     3 |    21 ||    24
  Use: Potion            |       |     2 ||     2
  Eat: Fruit             |     3 |       ||     3
       Beef jerky        |     1 |       ||     1
       Bread ration      |       |     1 ||     1
       Meat ration       |       |     2 ||     2
